 Dungeon Crawl Stone Soup version 0.22-a0-525-gf69a080 (webtiles) character file.

100391 Amnesiac the Spry (level 15, -6/81 HPs)
             Began as a Spriggan Fighter on June 22, 2018.
             Was a High Priest of Ru.
             Mangled by a spriggan defender
             ... wielding a +3 rapier of speed
              (12 damage)
             ... on level 2 of the Depths.
             The game lasted 01:07:15 (30545 turns).

Amnesiac the Spry (Spriggan Fighter)               Turns: 30545, Time: 01:07:16

Health: -6/81      AC: 18    Str: 17    XL:     15   Next: 80%
Magic:  0/26       EV: 21    Int:  9    God:    Ru [*****.]
Gold:   476        SH: 11    Dex: 16    Spells: 14/14 levels left

rFire    . . .     SeeInvis +   b - +0 scimitar (elec)
rCold    + + .     Gourm    .   N - +3 buckler {AC+3}
rNeg     + + .     Faith    .   c - +0 ice dragon scales
rPois    .         Spirit   +   v - +2 hat of the Bear Spirit {Spirit, +Rage rN+ MR++}
rElec    .         Reflect  .   y - +0 cloak
rCorr    .         Harm     .   (gloves unavailable)
MR       ++++.     Rnd*Rage +   (boots unavailable)
Stlth    ..........             A - amulet of regeneration
HPRegen  0.63/turn              (no ring)
MPRegen  0.20/turn              T - ring "Maxym" {rF+ rN+}

@: berserk cooldown, very slightly contaminated, slowed, drained, quick
A: very small, unfitting armour, antennae 1, hooves 1, see invisible, berserk 1,
dopey 1, herbivore, speed 3, sense surroundings 1, slow metabolism 2, no
stealth, hated by all, reduced EV 1, unskilled 1, missing an eye
a: Draw Out Power, Power Leap, Apocalypse, Renounce Religion, Evoke Berserk Rage


You were on level 2 of the Depths.
You worshipped Ru.
Ru was extremely pleased with you.
You were not hungry.

You visited 4 branches of the dungeon, and saw 20 of its levels.

You collected 1374 gold pieces.
You spent 898 gold pieces at shops.

Inventory:

Hand Weapons
 a - a +3 hunting sling of flaming
 b - a +0 scimitar of electrocution (weapon)
 w - a +0 blowgun
 K - a +2 scimitar of flaming
Missiles
 n - 58 tomahawks (quivered)
 r - 2 throwing nets
 x - 10 sling bullets
 B - 8 curare-tipped needles
 D - 8 poisoned needles
Armour
 c - +0 ice dragon scales (worn)
 h - a +0 buckler of reflection
 v - the +2 hat of the Bear Spirit (worn) {Spirit, +Rage rN+ MR++}
   (You bought it in a shop on level 2 of the Orcish Mines)

   It protects you from negative energy.
   It affects your resistance to hostile enchantments.
   It lets you go berserk.
 y - a +0 cloak (worn)
 N - a +3 buckler of protection (worn)
 R - a +0 troll leather armour
Jewellery
 s - a +2 ring of evasion
 z - an uncursed ring of positive energy
 A - an amulet of regeneration (around neck)
 I - the amulet of Oenomania {Acrobat Str+2}
   (You found it on level 7 of the Dungeon)

   [amulet of the acrobat]

   It helps you evade while moving and waiting.
   It affects your strength (+2).
 Q - an uncursed ring of protection from magic
 T - the ring "Maxym" (right hand) {rF+ rN+}
   (You found it on level 15 of the Dungeon)

   [ring of protection from fire]

   It protects you from fire.
   It protects you from negative energy.
 U - an uncursed amulet of magic regeneration
 X - an uncursed ring of resist corrosion
Wands
 i - a wand of polymorph (9)
 J - a wand of digging (12)
 M - a wand of flame (17)
 V - a wand of paralysis (14)
Scrolls
 e - 3 scrolls of enchant weapon {!r}
 g - 7 scrolls of remove curse {!r}
 q - 2 scrolls of magic mapping {!r}
 t - a scroll of fog {!r}
 F - 4 scrolls of enchant armour {!r}
 H - 3 scrolls of fear {!r}
 O - 2 scrolls of identify {!r}
 S - a scroll of amnesia {!r}
 Y - 6 scrolls of teleportation {!r}
Potions
 d - 4 potions of might {!q}
 j - 3 potions of brilliance {!q}
 k - 5 potions of lignification {!q}
 l - 2 potions of berserk rage {!q}
 m - 3 potions of agility {!q}
 o - 3 potions of ambrosia {!q}
 u - a potion of flight {!q}
 C - 2 potions of resistance {!q}
 E - 5 potions of curing {!q}
 G - 3 potions of invisibility {!q}
 P - a potion of cancellation {!q}
Miscellaneous
 W - a sack of spiders
Comestibles
 f - 15 rations


   Skills:
 - Level 10.5(10.3) Fighting
 - Level 2.1(1.9) Long Blades
 - Level 12.0(11.7) Slings
 + Level 7.7(7.5) Armour
 - Level 16.6(16.3) Dodging
 - Level 7.2(7.0) Shields
 - Level 14.4(14.2) Evocations


You had 14 spell levels left.
You didn't know any spells.
Your spell library contained the following spells:

 Spells                   Type           Power        Failure   Level  Hunger
 Apportation              Tloc           #.....       83%         1    ##.....
 Confuse                  Hex            #.......     99%         3    ####...
 Invisibility             Hex            #.......     100%        6    #######
 Summon Small Mammal      Summ           #...         83%         1    ##.....
 Animate Skeleton         Necr           N/A          83%         1    ##.....
 Summon Ice Beast         Ice/Summ       #.......     100%        4    #####..
 Call Imp                 Summ           #.......     92%         2    ###....
 Tukima's Dance           Hex            #.......     99%         3    ####...
 Spider Form              Tmut/Pois      #.........   99%         3    ####...
 Blade Hands              Tmut           #.........   100%        5    ######.
 Ice Form                 Ice/Tmut       #.......     100%        4    #####..
 Confusing Touch          Hex            #.....       83%         1    ##.....
 Sticks to Snakes         Tmut           #.......     92%         2    ###....
 Call Canine Familiar     Summ           #.......     99%         3    ####...
 Ensorcelled Hibernation  Hex/Ice        #.....       92%         2    ###....
 Summon Butterflies       Summ           #.......     83%         1    ##.....
 Corona                   Hex            #......      83%         1    ##.....
 Alistair's Intoxication  Tmut/Pois      #.......     100%        5    ######.
 Beastly Appendage        Tmut           #.....       83%         1    ##.....
 Dazzling Spray           Conj/Hex       #.....       99%         3    ####...
 Summon Lightning Spire   Summ/Air       #.......     100%        4    #####..
 Summon Guardian Golem    Hex/Summ       #.......     99%         3    ####...
 Lesser Beckoning         Tloc           #.........   99%         3    ####...


Dungeon Overview and Level Annotations

Branches:
Dungeon (15/15)            Temple (1/1) D:5            Lair (0/6) D:10
    Orc (2/2) D:12            Elf (0/3) Orc:2        Vaults (0/5) D:13
 Depths (2/5) D:15

Altars:
Ashenzari
Cheibriados
Dithmenos
Elyvilon
Fedhas
Gozag
Hepliaklqana
Kikubaaqudgha
Makhleb
Nemelex Xobeh
Okawaru
Qazlal
Ru
Sif Muna
Trog
Uskayaw
Vehumet
Wu Jian
Xom
Yredelemnul
Zin
The Shining One
Beogh

Shops:
D:6 (   D:8 !   D:11 *   D:12 *   D:15 *[(=   Orc:2 *(:*[

Portals:
Trove: D:12 (give 8 potions of agility)

Annotations:
D:8 1 runed door, Torious's ghost, novice DECj


Innate Abilities, Weirdness & Mutations

You are very small and have problems with some larger weapons.
You are too small for most types of armour.
You have supernaturally acute eyesight. (SInv)
You are dopey. (Int -2)
You are a herbivore.
You cover ground extremely quickly.
You need to consume almost no food.
You cannot be stealthy.
You are hated by all.
You have somewhat slow reflexes. (EV -5)
You are somewhat unskilled. (-1 Apt)
You are missing an eye, making it more difficult to aim.
You have a pair of small antennae on your head.
You have large cloven feet.
You tend to lose your temper in combat.
You passively map a small area around you.


Message History

* * * LOW HITPOINT WARNING * * *
You completely miss the spriggan defender.
The spriggan defender is severely wounded.
The spriggan defender is stunned by your will and fails to attack.
The spriggan defender hits you with a rapier of speed!
* * * LOW HITPOINT WARNING * * *
You barely miss the spriggan defender.
The spriggan defender is severely wounded.
You block the spriggan defender's attack.
You completely miss the spriggan defender.
The spriggan defender is severely wounded.
The spriggan defender hits you with a rapier of speed!
* * * LOW HITPOINT WARNING * * *
You focus your will and blind the spriggan defender in retribution!
The spriggan defender misses you.
You riposte.
You barely miss the spriggan defender.
The spriggan defender is severely wounded.
You slash the spriggan defender! You kick the spriggan defender.
The spriggan defender is almost dead.
The spriggan defender completely misses you.
You closely miss the spriggan defender.
The spriggan defender is almost dead.
The spriggan defender closely misses you.
The spriggan defender barely misses you.
You completely miss the spriggan defender.
The spriggan defender is almost dead.
You are no longer berserk.
You are exhausted.
You feel yourself slow down.
The spriggan defender is no longer blind.
The spriggan defender completely misses you.
You riposte.
You closely miss the spriggan defender.
The spriggan defender is almost dead.
The spriggan defender misses you.
You riposte.
You completely miss the spriggan defender.
The spriggan defender is almost dead.
Okay, then.
Evoke which item? (* to show all) (? for menu, Esc to quit)
Okay, then.
Really read
L - a scroll of blinking {!r}?
Blink to where?
Press: ? - help, Dir - move target cursor You are very lightly contaminated with residual magic.
As you read the scroll of blinking {!r}, it crumbles to dust.
Evoke which item? (* to show all) (? for menu, Esc to quit)
Aiming: Throw Flame
Press: ? - help, Shift-Dir - straight line, f - spriggan defender
Aim: a spriggan defender, wielding a rapier of speed, wearing a robe and wearing a shiny buckler (almost dead, softly glowing)
The spriggan defender blocks the puff of flame.
Evoke which item? (* to show all) (? for menu, Esc to quit)
Aiming: Throw Flame
Press: ? - help, Shift-Dir - straight line, f/p - spriggan defender
Aim: a spriggan defender, wielding a rapier of speed, wearing a robe and wearing a shiny buckler (almost dead, softly glowing)
The spriggan defender blocks the puff of flame.
Evoke which item? (* to show all) (? for menu, Esc to quit)
Aiming: Throw Flame
Press: ? - help, Shift-Dir - straight line, f/p - spriggan defender
Aim: a spriggan defender, wielding a rapier of speed, wearing a robe and wearing a shiny buckler (almost dead, softly glowing)
The spriggan defender blocks the puff of flame.
The spriggan defender stops glowing.
The spriggan defender is stunned by your will and fails to attack.
You block the spriggan defender's attack.
The spriggan defender hits you with a rapier of speed!
You die...

#.................# #.....
#.................###..###
#.............(...##..##..
#............(....#..##...
+.................#.##..# *,
#.................'.#.D# ,
*#.................#(#.###?
#.........i.......#(()((.#
#.......)@........#.#..(.) *
##+####'########'##.#..### #.#
#)# #.##.##.(# #.#
#.########.##..##..#
#.#####.####<..............##..
#........†).))....######....###
.#####.#########.# ##...## *
#.# #.#####...##, #.#####.#
#........##


You could see a spriggan defender.

Vanquished Creatures
  Saint Roka (Orc:2)
  A golden dragon (Depths:2)
  A titan (Depths:2)
  Frances (D:12)
  Kirke (D:13)
  A tengu reaver (Depths:2)
  2 azure jellies (Depths:1)
  2 frost giants
  An orc warlord (Orc:2)
  Azrael (Orc:2)
  A dire elephant (D:15)
  An ettin (Depths:2)
  6 death oozes (Depths:1)
  2 great orbs of eyes
  2 vault guards (D:13)
  2 hydras
  3 ice dragons
  A rakshasa (Depths:1)
  A spriggan air mage (Depths:2)
  2 centaur warriors (D:13)
  Erica (D:8)
  2 ogre magi
  10 two-headed ogres
  A deep troll earth mage (D:15)
  A deep troll shaman (Depths:1)
  An orc high priest (Orc:2)
  Urug (D:12)
  Nergalle (Orc:2)
  2 iron trolls (D:15)
  5 skeletal warriors (D:12)
  2 unseen horrors (D:14)
  2 wizards
  2 deep trolls (Depths:1)
  A flayed ghost (D:13)
  7 orc knights
  16 ugly things
  7 deep elf magi
  3 cyclopes
  2 orc sorcerers
  5 manticores
  A centaur zombie (D:15)
  3 gargoyles
  Joseph (D:9)
  5 centaur skeletons
  A kobold demonologist (D:15)
  3 yaktaurs
  A freezing wraith (D:13)
  2 tengu conjurers
  8 trolls
  A raiju (shapeshifter) (D:14)
  2 hornets
  6 hippogriffs
  9 slime creatures
  Prince Ribbit (D:6)
  A blink frog (shapeshifter) (Depths:2)
  Sigmund (D:6)
  2 vampires
  2 wraiths
  2 shadows
  19 yaks
  A wyvern (D:13)
  4 fire elementals
  5 hogs
  A basilisk (D:13)
  A golden eye (D:8)
  3 hungry ghosts
  3 wargs (Orc:2)
  A steam dragon (D:12)
  3 vampire mosquitoes
  2 acid dragons
  A soldier ant (D:12)
  Duvessa (D:7)
  45 orc warriors
  4 hell hounds
  4 sky beasts
  2 ice beasts
  2 slaves (D:8)
  A black bear (D:12)
  10 ogres
  A necrophage (D:14)
  4 centaurs
  Blork the orc (D:5)
  17 bullfrogs
  5 big kobolds
  2 wyvern zombies
  Dowan (D:7)
  5 scorpions
  9 killer bees
  5 wights (D:8)
  A howler monkey (D:5)
  9 crimson imps
  3 quasits
  2 bullfrog zombies
  8 jellies
  19 orc priests
  A bullfrog skeleton (D:13)
  9 hounds
  35 orc wizards
  6 iguanas
  Natasha (twice) (D:4)
  12 worker ants
  A hound skeleton (D:9)
  15 adders
  2 worker ant zombies
  7 gnolls
  3 shadow imps
  An ooze (Depths:1)
  4 adder skeletons
  A worm (D:2)
  6 leopard geckos
  89 orcs
  8 bats
  8 giant cockroaches
  7 goblins
  11 hobgoblins
  5 jackals
  22 kobolds
  6 quokkas
  4 ball pythons
  4 frilled lizards
  7 rats
638 creatures vanquished.

Vanquished Creatures (others)
  A great orb of eyes (Depths:1)
  A vault guard (D:13)
  2 two-headed ogres
  An orc knight (D:13)
  A manticore (D:14)
  2 centaur skeletons
  A gargoyle (D:15)
  An orc warrior (D:12)
  2 ogres
  A centaur (D:11)
  2 orc wizards (D:12)
  8 plants
23 creatures vanquished.

Grand Total: 661 creatures vanquished

Notes
Turn   | Place    | Note
-------+----------+-------------------------------------------
     0 | D:1      | Amnesiac the Spriggan Fighter began the quest for the Orb.
     0 | D:1      | Reached XP level 1. HP: 11/11 MP: 2/2
   113 | D:1      | Reached XP level 2. HP: 14/16 MP: 3/3
   531 | D:3      | Reached XP level 3. HP: 19/19 MP: 4/4
   536 | D:3      | Reached skill level 5 in Dodging
   614 | D:4      | Reached XP level 4. HP: 16/24 MP: 5/5
   860 | D:4      | Noticed Natasha
   961 | D:4      | Noticed an ogre
   980 | D:5      | Entered Level 5 of the Dungeon
  1000 | D:5      | Noticed a centaur
  1012 | D:5      | Killed a centaur
  1012 | D:5      | Reached skill level 6 in Dodging
  1012 | D:5      | Reached XP level 5. HP: 11/28 MP: 6/6
  1540 | D:5      | Reached XP level 6. HP: 31/33 MP: 7/7
  1610 | D:5      | Noticed Blork the orc
  1617 | D:5      | Noticed an ice beast
  1682 | D:5      | Found a staircase to the Ecumenical Temple.
  1686 | Temple   | Entered the Ecumenical Temple
  1935 | Temple   | Became a worshipper of Ru the Awakened
  2353 | D:2      | Found a sparkling altar of Nemelex Xobeh.
  2543 | D:2      | Reached skill level 7 in Dodging
  2943 | D:3      | Reached skill level 1 in Slings
  2977 | D:3      | Gained mutation: You are somewhat unskilled. (-1 Apt) [Ru sacrifice]
  2977 | D:3      | Reduced skill Long Blades to level 1
  2977 | D:3      | Reduced skill Dodging to level 6
  2977 | D:3      | Reached * piety under Ru
  3674 | D:3      | Reached XP level 7. HP: 36/36 MP: 8/8
  4120 | D:4      | Killed Natasha
  4988 | D:4      | Noticed Natasha
  4993 | D:4      | Killed Natasha
  4993 | D:4      | Reached skill level 5 in Slings
  5343 | D:5      | Killed Blork the orc
  5759 | D:6      | Reached XP level 8. HP: 41/41 MP: 9/9
  5873 | D:6      | Gained mutation: You cannot be stealthy. [Ru sacrifice]
  5873 | D:6      | Reached ** piety under Ru
  5885 | D:6      | Noticed Prince Ribbit
  5896 | D:6      | Killed Prince Ribbit
  6025 | D:6      | Noticed Sigmund
  6042 | D:6      | Killed Sigmund
  6212 | D:6      | Found a sacrificial altar of Ru.
  6269 | D:6      | Found Xeskizal's Antique Weapon Boutique.
  6393 | D:6      | Reached skill level 10 in Slings
  6557 | D:6      | Reached XP level 9. HP: 44/44 MP: 10/10
  6595 | D:6      | Found a radiant altar of Vehumet.
  7316 | D:7      | Got a flickering brass amulet
  7318 | D:7      | Identified the amulet of Oenomania {Acrobat Str+2} (You found it on level 7 of the Dungeon)
  7657 | D:7      | Noticed Duvessa
  7657 | D:7      | Noticed Dowan
  7688 | D:7      | Killed Duvessa
  7770 | D:7      | Killed Dowan
  7795 | D:7      | Found a snail-covered altar of Cheibriados.
  8092 | D:8      | Found a runed door.
  8092 | D:8      | Noticed Torious's ghost (novice DECj)
  8104 | D:8      | Reached skill level 1 in Evocations
  8114 | D:8      | Noticed Pikel
  8167 | D:8      | Noticed Pikel
  8167 | D:8      | Pikel changed into Pikel the sky beast
  8460 | D:8      | Found Loodibae's Distillery.
  8483 | D:8      | Reached skill level 7 in Dodging
  8615 | D:8      | Noticed Erica
  8704 | D:8      | Killed Erica
  8704 | D:8      | Reached XP level 10. HP: 23/50 MP: 11/13
  8814 | D:8      | Noticed Psyche
  8819 | D:8      | Noticed Psyche
  8819 | D:8      | Psyche changed into Psyche the golden eye
  8821 | D:8      | Killed Psyche the golden eye
  9026 | D:8      | Killed Pikel the sky beast
  9437 | D:9      | Reached skill level 8 in Dodging
  9784 | D:9      | Noticed Joseph
  9809 | D:9      | Killed Joseph
  9883 | D:9      | Reached skill level 5 in Evocations
 10089 | D:9      | Reached skill level 5 in Fighting
 10540 | D:10     | Entered Level 10 of the Dungeon
 10562 | D:10     | Reached skill level 9 in Dodging
 10565 | D:10     | Found a staircase to the Lair.
 10953 | D:10     | Reached skill level 5 in Shields
 10953 | D:10     | Reached XP level 11. HP: 44/56 MP: 16/16
 11787 | D:10     | Reached skill level 10 in Dodging
 12859 | D:11     | Found Rureff's General Store.
 13354 | D:12     | Noticed Frances
 13372 | D:12     | Killed Frances
 13405 | D:12     | Reached skill level 11 in Dodging
 13592 | D:12     | Found Boxupueq's General Store.
 13814 | D:12     | Noticed a deep elf mage
 13841 | D:12     | Killed a deep elf mage
 13864 | D:12     | Noticed Urug
 14365 | D:12     | Gained mutation: You are missing an eye, making it more difficult to aim. [Ru sacrifice]
 14365 | D:12     | Reached *** piety under Ru
 14444 | D:12     | Noticed a deep elf mage
 14458 | D:12     | Killed a deep elf mage
 14458 | D:12     | Reached XP level 12. HP: 60/62 MP: 19/19
 14516 | D:12     | Got a warped robe
 14630 | D:12     | Killed Urug
 14933 | D:12     | Found a staircase to the Orcish Mines.
 15021 | D:12     | Found a portal to a secret trove of treasure.
 15210 | D:12     | Gained mutation: You tend to lose your temper in combat. [potion of mutation]
 15210 | D:12     | Gained mutation: You have a pair of small antennae on your head. [potion of mutation]
 15210 | D:12     | Gained mutation: You are clumsy. (Dex -2) [potion of mutation]
 15210 | D:12     | Gained mutation: Your mind is acute. (Int +2) [potion of mutation]
 15264 | D:12     | Lost mutation: You are clumsy. (Dex -2) [potion of mutation]
 15264 | D:12     | Lost mutation: Your mind is acute. (Int +2) [potion of mutation]
 15264 | D:12     | Gained mutation: You have large cloven feet. [potion of mutation]
 15264 | D:12     | Gained mutation: You passively map a small area around you. [potion of mutation]
 15437 | Orc:1    | Entered Level 1 of the Orcish Mines
 16044 | Orc:2    | Entered Level 2 of the Orcish Mines
 16044 | Orc:2    | Found a staircase to the Elven Halls.
 16238 | Orc:1    | Reached skill level 12 in Dodging
 16566 | Orc:2    | Found Ykhaderr's General Store.
 16620 | Orc:2    | Identified the +2 robe "Egaem" {SInv} (You found it on level 12 of the Dungeon)
 17030 | Orc:2    | Noticed an orc high priest
 17064 | Orc:2    | Killed an orc high priest
 17296 | Orc:2    | Gained mutation: You are dopey. (Int -2) [Ru sacrifice]
 17581 | Orc:2    | Reached skill level 10 in Evocations
 17738 | Orc:2    | Noticed Nergalle
 17777 | Orc:2    | Killed Nergalle
 18075 | Orc:2    | Noticed Saint Roka
 18096 | Orc:2    | Killed Saint Roka
 18096 | Orc:2    | Reached skill level 13 in Dodging
 18203 | Orc:2    | Reached XP level 13. HP: 49/68 MP: 22/22
 18254 | Orc:2    | Found a roughly hewn altar of Beogh.
 18298 | Orc:2    | Found Iwoepy Tooj's Book Boutique.
 18304 | Orc:2    | Found Bixkui's Antique Armour Boutique.
 18310 | Orc:2    | Found Zoille's General Store.
 18392 | Orc:2    | Found Dube's Antique Weapon Boutique.
 18564 | Orc:2    | Noticed Azrael
 18967 | Orc:2    | Found a shimmering altar of Xom.
 19260 | Orc:2    | Bought the +2 hat of the Bear Spirit {Spirit, +Rage rN+ MR++} for 703 gold pieces
 19260 | Orc:2    | Found the +2 hat of the Bear Spirit {Spirit, +Rage rN+ MR++}
 19623 | Orc:2    | Killed Azrael
 20253 | Orc:1    | Noticed an orc warlord
 20599 | Orc:2    | Killed an orc warlord
 21278 | Orc:1    | Gained mutation: You are hated by all. [Ru sacrifice]
 21278 | Orc:1    | Reached **** piety under Ru
 21278 | Orc:1    | Reached ***** piety under Ru
 21372 | Orc:2    | Bought an embroidered cloak for 135 gold pieces
 21787 | D:12     | Bought 14 stones for 19 gold pieces
 21906 | Orc:2    | Bought 22 stones for 28 gold pieces
 21906 | Orc:2    | Bought 10 stones for 13 gold pieces
 22271 | D:13     | Reached skill level 14 in Dodging
 23521 | D:13     | Noticed a tengu reaver
 23538 | D:13     | Noticed a frost giant
 23538 | D:13     | a tengu reaver changed into a frost giant
 23706 | D:12     | Killed a frost giant
 25140 | D:13     | Found a gate to the Vaults.
 25470 | D:14     | Noticed Kirke
 25491 | D:13     | Reached XP level 14. HP: 75/75 MP: 24/24
 25569 | D:14     | Reached skill level 15 in Dodging
 26111 | D:14     | Found an opulent altar of Gozag.
 26361 | D:14     | Found a stormy altar of Qazlal.
 26670 | D:13     | Killed Kirke
 26743 | D:15     | Entered Level 15 of the Dungeon
 26745 | D:15     | Got a faintly glowing silver ring
 26749 | D:15     | Identified the ring "Maxym" {rF+ rN+} (You found it on level 15 of the Dungeon)
 26840 | D:15     | Found Uvaumape's Assorted Antiques.
 26938 | D:15     | Found Hug Yramp's Armour Emporium.
 27009 | D:15     | Gained mutation: You have somewhat slow reflexes. (EV -5) [Ru sacrifice]
 27179 | D:15     | Reached skill level 10 in Fighting
 27547 | D:15     | Noticed an emperor scorpion
 27963 | D:15     | Found a staircase to the Depths.
 28032 | D:15     | Reached skill level 16 in Dodging
 28701 | D:15     | Found Pevud's Jewellery Emporium.
 28883 | D:15     | Found Salappaw's Antique Weapon Boutique.
 29126 | Depths:1 | Entered Level 1 of the Depths
 29296 | D:15     | HP: 2/77 [iron troll (13)]
 29297 | D:15     | Reached skill level 1 in Armour
 29487 | Depths:1 | Reached XP level 15. HP: 68/81 MP: 17/26
 29702 | Depths:1 | Noticed an azure jelly
 29702 | Depths:1 | Noticed an acid blob
 29703 | Depths:1 | Noticed an azure jelly
 29703 | Depths:1 | Noticed an azure jelly
 29703 | Depths:1 | Noticed an acid blob
 29703 | Depths:1 | Noticed an azure jelly
 29703 | Depths:1 | Noticed an acid blob
 29703 | Depths:1 | Noticed an acid blob
 29704 | Depths:1 | Noticed an acid blob
 29704 | Depths:1 | Noticed an azure jelly
 29706 | Depths:1 | Killed an azure jelly
 29709 | Depths:1 | Killed an azure jelly
 29709 | Depths:1 | Reached skill level 5 in Armour
 29930 | Depths:2 | Noticed a frost giant
 30003 | Depths:2 | Killed a frost giant
 30166 | Depths:2 | Noticed a golden dragon
 30167 | Depths:2 | Noticed a tengu reaver
 30174 | Depths:2 | Killed a golden dragon
 30275 | Depths:2 | Killed a tengu reaver
 30451 | Depths:2 | Noticed a titan
 30456 | Depths:2 | Killed a titan
 30538 | Depths:2 | HP: 1/121 [spriggan defender/rapier of speed (14)]
 30545 | Depths:2 | Mangled by a spriggan defender

Vault maps used:
D:1:      dpeg_arrival_three_same_balls, hangedman_decor_growths
D:2:      old_standard_altar
D:3:      first_ration
D:4:      item_on_display_a, uniq_natasha
D:5:      minmay_temple_entry_grid, uniq_blork_the_orc
D:6:      basic_altar, serial_shops, nicolae_shop_overgrown_old_shop,
          hangedman_ru_absence, uniq_sigmund, uniq_prince_ribbit1
D:7:      basic_altar, corexii_hall_statues_l, uniq_duvessa
D:8:      gammafunk_ghost_grave, serial_shops, nicolae_shop_stone,
          blue_anna_alchemist, uniq_pikel, uniq_psyche, uniq_erica
D:9:      uniq_joseph
D:10:     dpeg_oklobed_lair, minmay_misc_feat_alley
D:11:     serial_shops, nicolae_shop_waterfront
D:12:     hiddenorc1_lemuel, serial_shops, shop, nicolae_trove_entry_crystal,
          uniq_urug, uniq_frances
D:13:     minmay_outward_triangles, grunt_vaults_entry_fortified
D:14:     nicolae_gozag_seed_capital, nicolae_qazlal_style_of_elements,
          uniq_kirke
D:15:     hangedman_depths_entry_try_elsewhere_first, minmay_misc_feat_columns,
          serial_shops, shop_statue, shop, shop, nicolae_shop_behind_doors
Temple:   compressed_dpeg_triangle_lava_temple
Orc:1:    lightli_orcish_oven
Orc:2:    grunt_orc_cross, serial_shops, nicolae_shop_trees, basic_altar,
          uniq_azrael
Depths:1: serial_sigils_hangedman_quiver, pan_entry, hangedman_geh_valley,
          abyss_entry, lightli_corner_chamber, minmay_shop_grove,
          uniq_saint_roka, uniq_mara
Depths:2: minmay_the_grid_octo_2x2, enter_ziggurat_c, minmay_misc_feat_cross,
          hell_entry

Skill      XL: |  1  2  3  4  5  6  7  8  9 10 11 12 13 14 15 |
---------------+----------------------------------------------+-----
Long Blades    | 2 1 2 |  2.1
Dodging        | 5 6 6 7 9 11 13 14 16 | 16.6
Fighting       | 3 3 4 5 6 8 9 10 | 10.5
Shields        | 3 5 6 7 |  7.2
Slings         | 2 6 10 12 | 12.0
Evocations     | 3 6 8 10 12 14 | 14.4
Armour         | 1 7 |  7.7

Action                   |  1- 3 |  4- 6 |  7- 9 | 10-12 | 13-15 || total
-------------------------+-------+-------+-------+-------+-------++-------
Melee: Long sword        |    66 |    82 |       |       |       ||   148
       Dagger            |       |    59 |       |       |       ||    59
       Scimitar          |       |       |       |       |    97 ||    97
       Kick              |       |       |       |       |    31 ||    31
 Fire: Hunting sling     |       |    82 |   559 |  1812 |  2502 ||  4955
       Blowgun           |       |       |       |       |    12 ||    12
Throw: Tomahawk          |       |       |       |       |   153 ||   153
Invok: Sacrifice Skill   |       |     1 |       |       |       ||     1
       Sacrifice Stealth |       |       |     1 |       |       ||     1
       Reject Sacrifices |       |       |     1 |       |       ||     1
       Sacrifice an Eye  |       |       |       |     1 |       ||     1
       Draw Out Power    |       |       |       |     1 |     1 ||     2
       Sacrifice Purity  |       |       |       |     1 |       ||     1
       Sacrifice Love    |       |       |       |       |     1 ||     1
       Apocalypse        |       |       |       |       |     5 ||     5
       Sacrifice Health  |       |       |       |       |     1 ||     1
       Power Leap        |       |       |       |       |     2 ||     2
Evoke: Wand              |       |       |     4 |     9 |    24 ||    37
       Sack of spiders   |       |       |       |       |     1 ||     1
  Use: Scroll            |       |       |    17 |    10 |     7 ||    34
       Potion            |       |       |       |     4 |     1 ||     5
 Stab: Sleeping          |       |     1 |       |       |       ||     1
       Paralysed         |       |       |       |       |     5 ||     5
       Invisible         |       |       |       |       |     1 ||     1
  Eat: Ration            |       |     2 |       |     5 |     5 ||    12
Armor: Robe              |     2 |    10 |     5 |    15 |       ||    32
       Troll leather arm |       |       |       |     4 |    49 ||    53
       Ice dragon scales |       |       |       |       |    34 ||    34
Dodge: Dodged            |    61 |   141 |   106 |   324 |   589 ||  1221
Block: Buckler           |    28 |    65 |    45 |   153 |   323 ||   614
       Rpst.: Long sword |    20 |    26 |       |       |       ||    46
       Scimitar          |       |       |       |       |    18 ||    18

Table legend:
 A = Spawn XP
 B = Non-spawn XP
 C = Spawn XP percentage of total XP
 D = Spawn monster count
 E = Non-spawn monster count
 F = Spawn count percentage of total count
 G = Total turns spent on level
                    A         B        C        D         E        F      G
               +---------+---------+-------+---------+---------+-------+---------
         Total |       0 |  143417 |   0.0 |       0 |     647 |   0.0 | 30545
               +---------+---------+-------+---------+---------+-------+---------
           D:1 |       0 |      25 |   0.0 |       0 |      15 |   0.0 |   619
           D:2 |       0 |     117 |   0.0 |       0 |      29 |   0.0 |  1044
           D:3 |       0 |     216 |   0.0 |       0 |      29 |   0.0 |  1030
           D:4 |       0 |     374 |   0.0 |       0 |      21 |   0.0 |  1496
           D:5 |       0 |     627 |   0.0 |       0 |      10 |   0.0 |  1281
           D:6 |       0 |    1480 |   0.0 |       0 |      23 |   0.0 |  1006
           D:7 |       0 |    1355 |   0.0 |       0 |      28 |   0.0 |  1411
           D:8 |       0 |    2239 |   0.0 |       0 |      26 |   0.0 |  1271
           D:9 |       0 |    2472 |   0.0 |       0 |      32 |   0.0 |  1122
          D:10 |       0 |    5495 |   0.0 |       0 |      49 |   0.0 |  2019
          D:11 |       0 |    1938 |   0.0 |       0 |      17 |   0.0 |  1024
          D:12 |       0 |   14916 |   0.0 |       0 |      56 |   0.0 |  4055
          D:13 |       0 |   14726 |   0.0 |       0 |      36 |   0.0 |  2795
          D:14 |       0 |    7633 |   0.0 |       0 |      34 |   0.0 |   943
          D:15 |       0 |   20534 |   0.0 |       0 |      45 |   0.0 |  2366
         Orc:1 |       0 |    4742 |   0.0 |       0 |      48 |   0.0 |  1400
         Orc:2 |       0 |   17541 |   0.0 |       0 |      95 |   0.0 |  4241
      Depths:1 |       0 |   24084 |   0.0 |       0 |      33 |   0.0 |   347
      Depths:2 |       0 |   22903 |   0.0 |       0 |      21 |   0.0 |   815
               +---------+---------+-------+---------+---------+-------+---------
